 Dungeon Crawl Stone Soup version 0.30.0-13-g156ef70053 (webtiles) character file.

Game seed: 13747027867741327720

76699 Strat the Unseen (level 15, -10/80 HPs)
             Began as a Spriggan Delver on May 17, 2023.
             Was an Initiate of Gozag.
             Mangled by a lorocyproca (25 damage)
             ... on level 2 of the Abyss on May 18, 2023.
             The game lasted 01:43:21 (33004 turns).

Strat the Unseen (Spriggan Delver)                 Turns: 33004, Time: 01:43:22

Health: -10/80     AC:  6    Str:  8    XL:     15   Next: 13%
Magic:  13/33      EV: 28    Int: 14    God:    Gozag
Gold:   5979       SH:  6    Dex: 22    Spells: 21/40 levels left

rFire   . . .        b - +1 dagger (elec)
rCold   . . .        e - +0 buckler
rNeg    . . .        U - +2 robe {Will+}
rPois   .            H - +0 mask of the Dragon {Will+ Slay+3 SInv}
rElec   .            T - +1 cloak {rCorr}
rCorr   +            (gloves unavailable)
SInv    +            (boots unavailable)
Will    +++++        w - amulet of the acrobat
Stlth   ++++++++     y - ring of resist corrosion
HPRegen 0.33/turn    B - ring of willpower
MPRegen 0.23/turn

%: acrobat
@: confusing by touch, studying Spellcasting, very quick
A: very small, no large weapons, unfitting armour, see invisible, speed 3
a: Renounce Religion, Potion Petition, Call Merchant, Bribe Branch


You were on level 2 of the Abyss.
You worshipped Gozag.
Gozag was greatly pleased with you.
You visited 4 branches of the dungeon, and saw 22 of its levels.
You visited the Abyss 1 time.

You collected 6843 gold pieces.
You spent 214 gold pieces at shops.
You paid 650 gold pieces to Gozag.

Inventory:

Hand Weapons
 a - a +1 dagger of venom
 b - a +1 dagger of electrocution (weapon)
 L - a +2 dagger of speed
Missiles
 r - 3 throwing nets (quivered)
 x - 6 curare-tipped darts
 V - 11 large rocks
Armour
 e - a +0 buckler (worn)
 H - the +0 mask of the Dragon (worn) {Will+ Slay+3 SInv}
   (You found it on level 14 of the Dungeon)

   Slay:      It affects your accuracy & damage with ranged weapons and melee
   (+3).
   SInv:      It lets you see invisible.
   Will:      It increases your willpower.
 R - a +2 hat of willpower
 T - a +1 cloak of preservation (worn)
 U - a +2 robe of willpower (worn)
Magical Staves
 n - the staff of conjuration "Voetafir" {rElec Str+2 Int-2}
   (You found it on level 2 of the Dungeon)

   [staff of conjuration]

   Base accuracy: +5 Base damage: 5 Base attack delay: 1.2 This weapon's minimum
   attack delay (0.6) is reached at skill level 12.
   Str:       It affects your strength (+2).
   Int:       It affects your intelligence (-2).
   rElec:     It insulates you from electricity.
   It falls into the 'Staves' category.
   It is a two-handed weapon.
Jewellery
 j - a ring of flight
 w - an amulet of the acrobat (around neck)
 y - a ring of resist corrosion (left hand)
 B - a ring of willpower (right hand)
 D - a ring of resist corrosion
 N - an amulet of guardian spirit
Wands
 g - a wand of digging (1)
 i - a wand of polymorph (5)
 E - a wand of acid (1)
 I - a wand of flame (29)
 P - a wand of paralysis (3)
 S - a wand of iceblast (10)
Scrolls
 c - 2 scrolls of fog
 d - 2 scrolls of magic mapping
 k - 2 scrolls of enchant weapon
 q - 3 scrolls of vulnerability
 v - 9 scrolls of teleportation
 A - 2 scrolls of immolation
 F - 3 scrolls of amnesia
 G - 3 scrolls of enchant armour
 Q - 4 scrolls of identify
Potions
 f - 5 potions of haste
 h - a potion of lignification
 l - 2 potions of curing
 m - 2 potions of ambrosia
 o - 3 potions of might
 p - 4 potions of mutation
 t - 2 potions of magic
 u - 2 potions of flight
 z - 2 potions of berserk rage
 C - 4 potions of brilliance
 K - 3 potions of cancellation
Miscellaneous
 s - a phantom mirror


   Skills:
 + Level 9.9 Fighting
 - Level 10.0 Short Blades
 - Level 12.5 Dodging
 + Level 19.9 Stealth
 - Level 5.0 Shields
 - Level 13.0 Spellcasting
 - Level 3.6 Conjurations
 + Level 7.9 Hexes
 + Level 2.3 Summonings
 + Level 4.2 Translocations
 - Level 5.0 Air Magic
 - Level 5.7 Poison Magic
 - Level 10.0 Evocations


You had 21 spell levels left.
You knew the following spells:

 Your Spells              Type           Power      Damage    Failure   Level
a - Apportation           Tloc           40%        N/A       1%          1
b - Blink                 Tloc           40%        N/A       3%          2
c - Mephitic Cloud        Conj/Pois/Air  22%        N/A       4%          3
d - Confusing Touch       Hex            31%        N/A       1%          3
e - Summon Mana Viper     Hex/Summ       23%        N/A       36%         5
f - Summon Forest         Summ/Tloc      9%         N/A       63%         5

Your spell library contained the following spells:

 Spells                   Type           Power      Damage    Failure   Level
 Tukima's Dance           Hex            31%        N/A       1%          3
 Magic Dart               Conj           76%        1d6       2%          1
 Portal Projectile        Hex/Tloc       52%        N/A       2%          3
 Cigotuvi's Dreadful Rot  Necr/Pois/Air  38%        N/A       3%          2
 Lesser Beckoning         Tloc           40%        N/A       3%          2
 Momentum Strike          Conj/Tloc      40%        3d9       3%          2
 Summon Small Mammal      Summ           60%        N/A       4%          1
 Cause Fear               Hex            15%        N/A       4%          4
 Kiss of Death            Conj/Necr      56%        2d9       5%          1
 Call Imp                 Summ           30%        N/A       6%          2
 Gell's Gravitas          Tloc           20%        N/A       6%          3
 Teleport Other           Tloc           20%        N/A       6%          3
 Inner Flame              Hex/Fire       20%        N/A       7%          3
 Freeze                   Ice            36%        1d5       11%         1
 Necrotise                Necr           36%        1d5       11%         1
 Hailstorm                Conj/Ice       14%        3d5       16%         3
 Ignite Poison            Fire/Tmut/Pois 14%        N/A       16%         3
 Scorch                   Fire           18%        2d5       17%         2
 Frozen Ramparts          Ice            18%        1d3       32%         3
 Flame Wave               Conj/Fire      14%        2d6       47%         4
 Yara's Violent Unravell  Hex/Tmut       10%        3d6       52%         5
 Freezing Cloud           Conj/Ice/Air   8%         6-21      67%         5
 Dispel Undead            Necr           9%         3d8       73%         4
 Blade Hands              Tmut           4%         N/A       97%         5
 Dispersal                Tloc           10%        N/A       97%         6
 Enfeeble                 Hex            15%        N/A       98%         7
 Death Channel            Necr           4%         N/A       100%        6
 Summon Cactus Giant      Summ           7%         N/A       100%        6
 Dragon Form              Tmut           4%         N/A       100%        7
 Dragon's Call            Summ           7%         N/A       100%        9


Dungeon Overview and Level Annotations

Branches:
Dungeon (14/15)            Temple (1/1) D:5            Lair (5/5) D:8
  Swamp (0/4) Lair:3       Spider (0/4) Lair:3        Slime (0/5) Lair:5
    Orc (2/2) D:11            Elf (0/3) Orc:2        Vaults (0/5) D:13

Altars:
Ashenzari
Cheibriados
Dithmenos
Elyvilon
Fedhas
Gozag
Hepliaklqana
Kikubaaqudgha
Makhleb
Nemelex Xobeh
Okawaru
Qazlal
Ru
Sif Muna
Trog
Uskayaw
Vehumet
Wu Jian
Xom
Yredelemnul
Zin
The Shining One
Jiyva

Shops:
D:9 [(*[   Orc:2 (!(([[

Portals:
Hell: Lair:5

Annotations:
D:4 Grinder
D:8 3 runed translucent doors
D:11 Harold
Lair:5 exclusion: oklob plant
Orc:2 Arex's ghost, journeyman DsFi


Innate Abilities, Weirdness & Mutations

You are very small and have problems with some larger weapons.
You are too small for most types of armour.
You have supernaturally acute eyesight. (SInv)
You cover ground extremely quickly. (Speed+++)


Message History

Casting: Confusing Touch (safe; 1% risk of failure)
Confirm with . or Enter, or press ? or * to list all spells.
Your hands begin to glow red.
The fire bat is no longer distracted by gold.
The fire bat is distracted by your dazzling golden aura.
The lorocyproca closely misses you.
You barely miss the lorocyproca.
The lorocyproca is lightly wounded.
The lorocyproca barely misses you.
You hit the lorocyproca but do no damage.
The lorocyproca is lightly wounded.
You closely miss the lorocyproca.
The lorocyproca is lightly wounded.
You block the lorocyproca's attack.
You hit the lorocyproca but do no damage.
The lorocyproca is lightly wounded.
You hit the lorocyproca but do no damage.
The lorocyproca is lightly wounded.
The lorocyproca completely misses you.
You hit the lorocyproca but do no damage.
The lorocyproca is lightly wounded.
The fire bat is no longer distracted by gold.
You barely miss the lorocyproca.
The lorocyproca is lightly wounded.
The lorocyproca hits you!!
* * * LOW HITPOINT WARNING * * *
You feel your power leaking away.
You hit the lorocyproca but do no damage.
The lorocyproca is lightly wounded.
The lorocyproca closely misses you.
You hit the lorocyproca but do no damage.
The lorocyproca is lightly wounded.
You hit the lorocyproca but do no damage.
The lorocyproca is lightly wounded.
You block the lorocyproca's attack.
You miss the lorocyproca.
The lorocyproca is lightly wounded.
You feel better. The lorocyproca hits you!!
You die...
Your body crumbles into a pile of gold.

... .. . .
. #.... ..
.. . #...
.... #.. .
.. #. .. .
... .# #..
. . .... ยง
#.. .. # .
#.####### .
. #.@2b$..#
# #
#######.#..
.. ..... ..
# . . . ..
... ... . .
...


You could see a lorocyproca (invisible) and a fire bat.

Vanquished Creatures
  A lich (Abyss:2)
  Nessos (Orc:2)
  A dire elephant (Lair:5)
  An ettin (Orc:2)
  Snorg (Orc:2)
  Erolcha (Orc:2)
  A hydra (Lair:5)
  6 two-headed ogres
  A boulder beetle (D:13)
  7 centaur warriors
  A death yak (Lair:1)
  A tengu warrior (D:14)
  2 thrashing horrors (Abyss:2)
  Urug (D:13)
  4 orc high priests (Orc:2)
  A skyshark (Lair:2)
  A sixfirhy (Lair:5)
  A wizard (Lair:5)
  2 lindwurms (Lair:1)
  4 orc knights (Orc:2)
  5 deep elf pyromancers
  4 ugly things
  5 orc sorcerers
  Pikel (D:5)
  5 cyclopes
  A deep elf zephyrmancer (D:14)
  An oklob plant (Lair:2)
  A manticore (D:13)
  6 elephants
  Maurice (Orc:2)
  6 black mambas
  2 gargoyles
  2 torpor snails (Lair:3)
  An orange demon (Lair:5)
  7 rime drakes
  11 cane toads
  2 unseen horrors
  A freezing wraith (D:14)
  8 komodo dragons
  An efreet (D:14)
  An ice devil (Lair:5)
  An ancient zyme (Abyss:2)
  2 red devils (Lair:5)
  10 trolls
  3 polar bears
  7 blink frogs
  A raiju (Abyss:2)
  2 dream sheep (Lair:3)
  2 jumping spiders (Lair:3)
  Sigmund (D:2)
  A culicivora (Lair:3)
  A slime creature (D:8)
  2 vampires
  4 shadows
  42 yaks
  3 wraiths
  A water elemental (D:12)
  10 wyverns
  14 humans (D:13)
  7 basilisks
  Eustachio (D:4)
  A chaos spawn (Abyss:2)
  2 redbacks (Lair:3)
  6 vampire mosquitoes
  4 steam dragons
  2 wargs
  Duvessa (D:6)
  13 water moccasins
  5 hell hounds (Lair:5)
  3 ice beasts
  30 orc warriors
  3 black bears
  4 ogres
  5 centaurs
  15 wolves
  A lemure (D:5)
  2 phantoms
  2 kobold brigands
  14 bullfrogs
  2 scorpions
  A small abomination (Abyss:2)
  3 gnoll sergeants (D:12)
  3 wights (D:9)
  Dowan (D:6)
  3 howler monkeys
  An electric eel (Lair:4)
  5 jellies
  2 hounds (D:6)
  15 orc priests
  3 sleepcaps
  Crazy Yiuf (D:6)
  6 iguanas
  23 orc wizards
  Robin (D:4)
  14 gnolls
  6 adders
  A shadow imp (D:8)
  4 white imps
  A worm (D:4)
  2 dart slugs
  80 orcs
  4 ball pythons
  3 bats
  5 endoplasms
  2 giant cockroaches (D:2)
  17 goblins
  9 hobgoblins
  5 jackals
  2 quokkas
  6 frilled lizards
  11 kobolds
  7 rats
588 creatures vanquished.

Vanquished Creatures (collateral kills)
  A rime drake (Lair:1)
1 creature vanquished.

Vanquished Creatures (others)
  A wight (Abyss:2)
  8 starspawn tentacles (Abyss:2)
9 creatures vanquished.

Grand Total: 598 creatures vanquished

Notes
Turn   | Place    | Note
-------+----------+-------------------------------------------
     0 | D:5      | Strat the Spriggan Delver began the quest for the Orb.
     0 | D:5      | Reached XP level 1. HP: 11/11 MP: 2/2
   155 | D:4      | Found a hazy altar of Hepliaklqana.
   348 | D:4      | Noticed Grinder
   514 | D:2      | Noticed Sigmund
   519 | D:2      | Killed Sigmund
   520 | D:2      | Reached skill level 10 in Stealth
   520 | D:2      | Reached XP level 2. HP: 7/16 MP: 3/3
   520 | D:2      | Reached XP level 3. HP: 9/19 MP: 4/4
   520 | D:2      | Reached XP level 4. HP: 11/23 MP: 5/5
   520 | D:2      | Reached XP level 5. HP: 13/27 MP: 6/6
   819 | D:2      | Identified the staff of conjuration "Voetafir" {rElec Str+2
                  | Int-2}
   838 | D:1      | Reached skill level 11 in Stealth
  2189 | D:3      | Found a hide-covered altar of Uskayaw.
  3067 | D:4      | Learned a level 1 spell: Apportation
  3468 | D:4      | Noticed a black bear
  3472 | D:4      | Killed a black bear
  3473 | D:4      | Reached XP level 6. HP: 32/32 MP: 7/7
  3515 | D:4      | Noticed Eustachio
  3543 | D:4      | Killed Eustachio
  3544 | D:4      | Reached skill level 5 in Dodging
  3629 | D:4      | Noticed Robin
  4175 | D:4      | Reached XP level 7. HP: 35/35 MP: 8/8
  4363 | D:4      | Killed Robin
  4527 | D:5      | Found a glowing silver altar of Zin.
  4642 | D:5      | Noticed Pikel
  4646 | D:5      | Killed Pikel
  4647 | D:5      | Reached XP level 8. HP: 39/39 MP: 9/9
  4802 | D:5      | Found an iron altar of Okawaru.
  4835 | D:5      | Found a staircase to the Ecumenical Temple.
  4842 | Temple   | Entered the Ecumenical Temple
  5027 | Temple   | Became a worshipper of Gozag Ym Sagoz the Greedy
  5420 | D:6      | Found a shimmering altar of Xom.
  5420 | D:6      | Found a shimmering altar of Xom.
  5421 | D:6      | Found a shimmering altar of Xom.
  5461 | D:6      | Found a stormy altar of Qazlal.
  5672 | D:6      | Noticed Duvessa
  5673 | D:6      | Noticed Dowan
  5686 | D:6      | Killed Duvessa
  5728 | D:6      | Killed Dowan
  5764 | D:6      | Found a shimmering altar of Xom.
  5770 | D:6      | Found a shimmering altar of Xom.
  5928 | D:6      | Found a runed translucent door.
  5929 | D:6      | Noticed Crazy Yiuf
  5936 | D:6      | Killed Crazy Yiuf
  6501 | D:7      | Reached skill level 10 in Dodging
  6501 | D:7      | Reached XP level 9. HP: 43/43 MP: 10/10
  6863 | D:6      | Reached skill level 10 in Short Blades
  7372 | D:8      | Found a runed translucent gate.
  7372 | D:8      | Found a runed translucent gate.
  7372 | D:8      | Found a runed translucent gate.
  7372 | D:8      | Noticed a white ugly thing
  7372 | D:8      | Noticed a green ugly thing
  7490 | D:8      | Found a staircase to the Lair.
  7903 | D:8      | Reached skill level 12 in Stealth
  8340 | D:8      | Reached skill level 1 in Evocations
  8414 | D:8      | Reached skill level 13 in Stealth
  8613 | D:8      | Reached XP level 10. HP: 46/51 MP: 11/11
  8779 | D:8      | Noticed a green ugly thing
  8780 | D:8      | Noticed a green ugly thing
  8834 | D:9      | Found Liwuc's Antique Armour Shoppe.
  8839 | D:9      | Bought a fine robe for 188 gold pieces
  8839 | D:9      | Identified the +1 robe of the Great Game {rC- Regen+ Int+4
                  | Dex-5} (You bought it in a shop on level 9 of the Dungeon)
  8955 | D:9      | Reached skill level 5 in Fighting
  9168 | D:9      | Found Uphualuj's Antique Weapon Emporium.
  9443 | D:9      | Reached skill level 14 in Stealth
  9522 | D:9      | Found Wahedwid's General Store.
  9528 | D:9      | Bought a scroll of identify for 26 gold pieces
  9594 | D:9      | Found Otuwaij's Antique Armour Emporium.
  9980 | D:9      | Found a shimmering blue altar of Sif Muna.
 10238 | D:10     | Entered Level 10 of the Dungeon
 10251 | D:10     | Reached skill level 5 in Evocations
 10303 | D:10     | Noticed a two-headed ogre
 10309 | D:10     | Killed a two-headed ogre
 10628 | D:10     | Reached skill level 15 in Stealth
 10810 | D:10     | Noticed a two-headed ogre
 10816 | D:10     | Killed a two-headed ogre
 10817 | D:10     | Reached XP level 11. HP: 58/58 MP: 12/12
 11227 | D:10     | Found an ancient bone altar of Kikubaaqudgha.
 11853 | D:11     | Noticed a two-headed ogre
 11972 | D:11     | Found a staircase to the Orcish Mines.
 12055 | D:11     | Noticed Harold
 12526 | Lair:1   | Entered Level 1 of the Lair of Beasts
 12561 | Lair:1   | Reached skill level 16 in Stealth
 13586 | Lair:1   | Noticed a death yak
 14177 | Lair:1   | Noticed a lindwurm
 14177 | Lair:1   | Noticed a lindwurm
 14205 | Lair:1   | Found a runed translucent door.
 14302 | Lair:2   | Noticed a skyshark
 14310 | Lair:2   | Killed a skyshark
 14311 | Lair:2   | Reached skill level 17 in Stealth
 14331 | Lair:2   | Reached skill level 10 in Evocations
 14614 | Lair:2   | Found a hide-covered altar of Uskayaw.
 14836 | Lair:2   | Reached skill level 1 in Shields
 14836 | Lair:2   | Reached XP level 12. HP: 64/64 MP: 13/13
 15230 | Lair:2   | Noticed a six-headed hydra
 15670 | Lair:1   | Killed a death yak
 16046 | Lair:1   | Reached skill level 5 in Shields
 16049 | Lair:1   | Learned a level 2 spell: Blink
 16053 | Lair:1   | Learned a level 3 spell: Mephitic Cloud
 16063 | Lair:1   | Reached skill level 1 in Spellcasting
 16065 | Lair:1   | Reached skill level 1 in Air Magic
 16065 | Lair:1   | Reached skill level 1 in Poison Magic
 16924 | Lair:2   | Reached skill level 5 in Spellcasting
 17425 | Lair:3   | Reached skill level 1 in Conjurations
 17597 | Lair:3   | Found a staircase to the Swamp.
 18243 | Lair:3   | Identified a scroll of acquirement
 18243 | Lair:3   | Acquired a +2 hat of willpower
 18884 | Lair:3   | Found a hole to the Spider Nest.
 19126 | Lair:3   | Reached XP level 13. HP: 66/68 MP: 26/26
 19550 | Lair:4   | Learned a level 3 spell: Confusing Touch
 19676 | Lair:4   | Reached skill level 1 in Hexes
 20289 | Lair:5   | Entered Level 5 of the Lair of Beasts
 20310 | Lair:5   | Found a staircase to the Slime Pits.
 20586 | Lair:5   | Found a viscous altar of Jiyva.
 20937 | Lair:5   | Reached skill level 10 in Spellcasting
 21542 | Lair:5   | Reached skill level 5 in Hexes
 21654 | Lair:5   | Noticed a dire elephant
 21662 | Lair:5   | Killed a dire elephant
 21692 | Lair:5   | Found a burning altar of Makhleb.
 23241 | Lair:5   | Reached skill level 18 in Stealth
 23264 | Lair:5   | Found a gateway to Hell.
 23858 | Orc:1    | Entered Level 1 of the Orcish Mines
 24799 | Orc:2    | Entered Level 2 of the Orcish Mines
 24799 | Orc:2    | Noticed Maurice
 24806 | Orc:2    | Killed Maurice
 24807 | Orc:2    | Found a large runed translucent door.
 24809 | Orc:2    | Found a large runed translucent door.
 24886 | Orc:2    | Found Zukhamn's Distillery.
 25145 | Orc:2    | Noticed Arex's ghost (journeyman DsFi)
 25158 | Orc:2    | Noticed Nessos
 25167 | Orc:2    | Killed Nessos
 25170 | Orc:2    | Noticed an ettin
 25177 | Orc:2    | Killed an ettin
 25286 | Orc:2    | Noticed Snorg
 25513 | Orc:2    | Killed Snorg
 25716 | Orc:2    | Reached XP level 14. HP: 71/75 MP: 25/29
 25838 | Orc:2    | Noticed Erolcha
 25971 | Orc:2    | Killed Erolcha
 26009 | Orc:2    | Found a staircase to the Elven Halls.
 26067 | Orc:2    | Found Tuib's Antique Armour Boutique.
 26646 | Orc:2    | Reached skill level 5 in Poison Magic
 26772 | Orc:2    | Reached skill level 5 in Air Magic
 26946 | Orc:2    | Found Sesal's Armour Boutique.
 26948 | Orc:2    | Found Aliejora's Antique Weapon Emporium.
 26948 | Orc:2    | Found Otyill's Antique Weapon Emporium.
 27576 | D:12     | Reached skill level 19 in Stealth
 28997 | D:13     | Noticed Urug
 28997 | D:13     | Found a gate to the Vaults.
 29762 | D:13     | Killed Urug
 29881 | D:13     | Learned a level 5 spell: Blade Hands
 29888 | D:13     | Learned a level 5 spell: Summon Mana Viper
 29894 | D:13     | Learned a level 5 spell: Summon Forest
 29924 | D:13     | Reached skill level 1 in Translocations
 30397 | D:13     | Reached skill level 1 in Summonings
 31415 | D:14     | Found the +0 mask of the Dragon {Will+ Slay+3 SInv}
 31693 | D:14     | Reached XP level 15. HP: 80/80 MP: 29/32
 31830 | D:14     | Noticed a deep elf sorcerer
 31873 | Abyss:2  | Cast into level 2 of the Abyss (deep elf sorcerer)
 31878 | Abyss:2  | Found a corrupted altar of Lugonu.
 31896 | Abyss:2  | Found a corrupted altar of Lugonu.
 31965 | Abyss:2  | Noticed a tentacled starspawn
 32522 | Abyss:2  | Noticed a tentacled starspawn
 32617 | Abyss:2  | Noticed a tentacled starspawn
 32679 | Abyss:2  | Noticed a lich
 32757 | Abyss:2  | Killed a lich
 32845 | Abyss:2  | Noticed a tentacled starspawn
 32873 | Abyss:2  | Noticed a tentacled starspawn
 32908 | Abyss:2  | Noticed a tentacled starspawn
 33004 | Abyss:2  | Mangled by a lorocyproca

Illustrated notes

Levels and vault maps discovered:
D:1:      dpeg_arrival_signposts, layout_loops_ring,
          amcnicky_mini_corridor_feature
D:2:      layout_rooms, st_stairs_8, grunt_ministairs_2, uniq_sigmund
D:3:      layout_basic, mainiacjoe_overflow_alcove_1
D:4:      black_bear_nest_2, layout_loops_cross,
          mainiacjoe_overflow_surrounded_room, uniq_grinder, uniq_eustachio,
          uniq_robin
D:5:      layout_loops_cross, okawaru_ov_weapons_minmay, zin_academy,
          minmay_temple_entry_gardened_gates, minmay_manual_mares, uniq_pikel
D:6:      layout_basic, xom_redecorated, lemuel_round_altar,
          chequers_serial_rivers_marsh, uniq_crazy_yiuf_cottage, uniq_duvessa
D:7:      layout_gridville
D:8:      minmay_bloctagon, layout_loops_ring, dpeg_oklobed_lair,
          ploomutoo_gammafunk_ghost_potion_laboratory
D:9:      layout_basic, lemuel_tele_altar, serial_shops, shop_fountains, shop,
          shop, kennysheep_little_box, kennysheep_cross_room
D:10:     layout_loops_ring, kiku_gazebo_pond_becter
D:11:     layout_big_octagon, hiddenorc2_lemuel, uniq_harold
D:12:     wad_river_or_something, layout_grid_maze, special_room
          [special_room_orc]
D:13:     layout_stronghold, david_vaults_3, minmay_lizard_king
D:14:     minmay_the_grid_4x2 [minmay_the_grid_holed_spiral,
          minmay_the_grid_armoury, minmay_the_grid_tri_star,
          minmay_the_grid_medium_cups, minmay_the_grid_pillar_ring,
          minmay_the_grid_all_tris, minmay_the_grid_embedded,
          minmay_the_grid_prize_four_corners], layout_grid_maze,
          hangedman_abyss_or_decor_jellyfish_corner
Temple:   eino_narrow_crystal_temple
Lair:1:   gammafunk_lair_enchanted_lake, layout_big_grid
Lair:2:   nzn_winding_woodlands_stair_trap [nzn_winding_woodlands_5x15_eye,
          nzn_winding_woodlands_5x15_longhouse,
          nzn_winding_woodlands_5x15_pathside_ponds,
          nzn_winding_woodlands_15x15_eel_pit, nzn_winding_woodlands_5x15_pool,
          nzn_winding_woodlands_5x15_pockets,
          nzn_winding_woodlands_5x15_concentric], layout_regular_city,
          basic_altar
Lair:3:   layout_cave_shapes, swamp_mist, spider_nest_entry_funnel_web,
          mumra_transporter_accident, grunt_megastairs_1
Lair:4:   layout_gridlike, serial_bayou_shore_a
Lair:5:   evil_forest, layout_misc_corridors, nicolae_slime_entry_field_trip,
          dpeg_oklob_1, serial_bayou_shore_b
Orc:1:    layout_caves
Orc:2:    st_orc_elflike, layout_diamond_mine, basic_altar,
          ebering_ghost_disaster_area, serial_shops, shop, uniq_maurice,
          uniq_nessos, uniq_snorg, uniq_erolcha
Abyss:2:  base: D:6, bh_abyss_negative

Skill      XL: |  1  2  3  4  5  6  7  8  9 10 11 12 13 14 15 |
---------------+----------------------------------------------+-----
Stealth        | 10 11 13 15 17 18 19 | 19.9
Dodging        | 4 5 7 10 11 12 | 12.5
Short Blades   | 3 4 6 8 10 | 10.0
Fighting       | 4 6 8 9 |  9.9
Evocations     | 2 7 10 | 10.0
Shields        | 1 5 |  5.0
Spellcasting   | 8 10 12 13 | 13.0
Air Magic      | 3 4 5 |  5.0
Poison Magic   | 3 4 5 |  5.7
Conjurations   | 3 |  3.6
Hexes          | 6 7 |  7.9
Translocations | 3 4 |  4.2
Summonings     | 1 2 |  2.3

Action                     |  1- 3 |  4- 6 |  7- 9 | 10-12 | 13-15 || total
---------------------------+-------+-------+-------+-------+-------++-------
  Melee: Short sword       |     6 |   176 |   524 |    54 |       ||   760
         Punch             |     1 |     2 |     9 |     8 |       ||    20
         Dagger            |       |       |       |  1028 |  1612 ||  2640
  Throw: Throwing net      |       |       |       |       |     1 ||     1
   Cast: Mephitic Cloud    |       |       |       |       |    69 ||    69
         Confusing Touch   |       |       |       |       |    33 ||    33
 Invoke: Call Merchant     |       |       |       |       |     1 ||     1
  Evoke: Wand              |       |     6 |    11 |    24 |     3 ||    44
    Use: Scroll            |       |       |    13 |    14 |    10 ||    37
         Potion            |       |       |     1 |    11 |     9 ||    21
   Stab: Sleeping          |     2 |    25 |    12 |    29 |    37 ||   105
         Distracted        |       |     6 |     3 |    15 |    12 ||    36
         Paralysed         |       |     4 |     7 |    13 |     1 ||    25
         Confused          |       |       |       |       |    96 ||    96
 Armour: Robe              |       |    11 |    23 |    39 |    61 ||   134
  Dodge: Dodged            |     2 |   102 |   324 |   728 |   779 ||  1935
  Block: Buckler           |       |       |       |    77 |   283 ||   360
